 Dungeon Crawl Stone Soup version 0.29-a0-791-ga0f254aafb (webtiles) character file.

Game seed: 2300016375893078657

11743 Garessta the Transmogrifier (level 11, -9/86 HPs)
             Began as an Octopode Transmuter on July 3, 2022.
             Was a Follower of Ignis.
             Mangled by a komodo dragon (21 damage)
             ... on level 1 of the Lair of Beasts.
             The game lasted 00:48:39 (14597 turns).

Garessta the Transmogrifier (Octopode Transmuter)  Turns: 14597, Time: 00:48:39

Health: -9/86      AC:  9    Str: 16    XL:     11   Next: 82%
Magic:  19/19      EV: 12    Int: 18    God:    Ignis [*.....]
Gold:   562        SH:  0    Dex: 14    Spells: 9/21 levels left

rFire   . . .      SeeInvis +     - Unarmed
rCold   + + +      Faith    .   (shield currently unavailable)
rNeg    . . .      Spirit   .   (helmet currently unavailable)
rPois   +          Reflect  .   v - amulet of the acrobat
rElec   .          Harm     .   r - +6 ring of strength
rCorr   .          Rampage  .   E - ring of see invisible
Will    .....                   (no ring)
Stlth   ++........              (no ring)
HPRegen 0.24/turn               (no ring)
MPRegen 0.16/turn               (no ring)
                                (no ring)
                                (no ring)

@: confused, ice-form, ambrosia-drunk
A: freezing attack, boosted hp, almost no armour, amphibious, 8 rings, large,
(camouflage 1), (gelatinous body 1), (nimble swimmer 1), (tentacles)
a: End Transformation, Renounce Religion, Fiery Armour, Foxfire Swarm, Rising
Flame


You were on level 1 of the Lair of Beasts.
You worshipped Ignis.
Ignis was aware of your devotion.
You were a creature of crystalline ice.
You visited 2 branches of the dungeon, and saw 10 of its levels.
You also visited: Sewer.

You collected 562 gold pieces.

Inventory:

Hand Weapons
 a - the +2 falchion of Trial by Ordeal {spect, Will++ Stlth+}
   (You found it on level 9 of the Dungeon)

   When its wielder attacks, the weapon's spirit leaps out and strikes again.
   The spirit shares a part of any damage it takes with its wielder.
   Will:      It greatly increases your willpower.
   Stlth:     It makes you more stealthy.
Missiles
 e - 4 boomerangs
Armour
 I - a +2 hat of stealth (melded)
Jewellery
 r - a +6 ring of strength (left front paw)
 v - an amulet of the acrobat (around neck)
 E - a ring of see invisible (right front paw)
Wands
 f - a wand of iceblast (7)
 l - a wand of flame (34)
 F - a wand of mindburst (10)
Scrolls
 b - a scroll of teleportation {unknown}
 c - a scroll of torment
 g - 2 scrolls of magic mapping {unknown}
 i - a scroll of summoning {unknown}
 j - 3 scrolls of enchant weapon {unknown}
 n - 2 scrolls of brand weapon
 p - 2 scrolls of immolation {unknown}
 t - 2 scrolls of silence
 w - 3 scrolls of amnesia {unknown}
 y - 2 scrolls of fog
 z - a scroll of vulnerability {unknown}
 B - 2 scrolls of enchant armour
 H - 2 scrolls of blinking {unknown}
Potions
 d - a potion of cancellation
 h - 5 potions of mutation
 k - 2 potions of haste
 o - 2 potions of heal wounds
 q - a potion of might
 s - a potion of berserk rage
 u - a potion of resistance {unknown}
 x - 3 potions of magic
 A - 2 potions of lignification
 C - 3 potions of attraction
 D - a potion of flight {unknown}
 G - 2 potions of curing


   Skills:
 + Level 5.9 Fighting
 + Level 6.2 Dodging
 + Level 8.4 Stealth
 + Level 6.7 Unarmed Combat
 + Level 5.8 Spellcasting
 + Level 9.4 Transmutations
 + Level 8.6 Ice Magic
 - Level 3.2 Poison Magic


You had 9 spell levels left.
You knew the following spells:

 Your Spells              Type           Power      Damage    Failure   Level
a - Beastly Appendage     Tmut           78%        N/A       1%          1
b - Wereblood             Tmut           39%        N/A       1%          2
c - Spider Form           Tmut/Pois      28%        N/A       2%          3
d - Ice Form              Ice/Tmut       37%        N/A       3%          4
p - Passwall              Tmut/Erth      18%        N/A       2%          2

Your spell library contained the following spells:

 Spells                   Type           Power      Damage    Failure   Level
 Ignite Poison            Fire/Tmut/Pois 20%        N/A       6%          3
 Poisonous Vapours        Pois/Air       22%        N/A       10%         2
 Apportation              Tloc           10%        N/A       12%         1
 Necrotize                Necr           20%        1d5       12%         1
 Sandblast                Erth           10%        2d5       12%         1
 Shock                    Conj/Air       20%        1d4       12%         1
 Slow                     Hex            20%        N/A       12%         1
 Summon Small Mammal      Summ           20%        N/A       12%         1
 Alistair's Intoxication  Tmut/Pois      18%        N/A       26%         5
 Confusing Touch          Hex            5%         N/A       36%         3
 Conjure Flame            Conj/Fire      5%         6-21      36%         3
 Stone Arrow              Conj/Erth      10%        3d7       36%         3
 Swiftness                Air            5%         N/A       36%         3
 Vampiric Draining        Necr           5%         2d6       36%         3
 Yara's Violent Unravell  Hex/Tmut       11%        3d6       43%         5
 Corpse Rot               Necr/Pois/Air  9%         N/A       61%         4
 Airstrike                Air            2%         0-2+      77%         4
 Animate Dead             Necr           5%         N/A       77%         4
 Sticky Flame             Conj/Fire      5%         2d3       77%         4
 Agony                    Necr           5%         N/A       98%         5
 Borgnjor's Vile Clutch   Necr/Erth      2%         N/A       98%         5
 Death Channel            Necr           2%         N/A       100%        6
 Enfeeble                 Hex            2%         N/A       100%        7


Dungeon Overview and Level Annotations

Branches:
Dungeon (9/15)             Temple (0/1) D:5            Lair (1/6) D:9
  Sewer (visited)
    Orc: D:9-12

Altars:
Ashenzari
Cheibriados
Fedhas
Gozag
Kikubaaqudgha
Nemelex Xobeh
Okawaru
Qazlal
Sif Muna
Trog
Vehumet
Xom
Ignis

Shops:
D:4 (   D:8 (   D:9 :

Annotations:
D:9 2 runed translucent doors, exclusion: orange crystal statue
Lair:1 Erica


Innate Abilities, Weirdness & Mutations

You are a creature of crystalline ice.
You have a powerful freezing melee attack.
Your maximum health is increased.
Your armour is entirely melded.
You are incapable of wielding weapons or throwing items.
You cannot wear most types of armour.
You are amphibious.
You can wear up to eight rings at the same time.
((Your skin changes colour to match your surroundings (Stealth+).))
((Your rubbery body absorbs attacks. (AC +1, EV +1)))
((You are camouflaged when in or above water. (Stealth+)))
((You have tentacles for arms and can constrict up to eight enemies at once.))


Message History

Your magical contamination has completely faded away.
You start resting.
Magic restored.
Memorise Passwall, consuming 2 spell levels and leaving 9?
You start memorising the spell.
You continue memorising. x2
You finish memorising.
Spell assigned to 'e'.
Adjust (i)tems, (s)pells, or (a)bilities?
Adjust which spell? e - Passwall Adjust to which letter? p - Passwall
Okay, then.
You start waiting.
Your transformation is almost over.
HP restored.
You warm up again.
Your +2 hat of stealth unmelds from your body.
You feel stealthy.
You see here a +0 rapier.
A komodo dragon comes into view.
Casting: Ice Form (dangerous; 3% risk of failure)
Confirm with . or Enter, or press ? or * to list all spells.
You turn into a creature of crystalline ice.
Your +2 hat of stealth melds into your body.
You feel less stealthy.
The komodo dragon hisses angrily.
Aiming: Throw Flame
Press: ? - help, Shift-Dir - straight line, f - komodo dragon
Aim: a komodo dragon (77% to hit)
The puff of flame hits the komodo dragon but does no damage.
You hit the komodo dragon but do no damage.
The komodo dragon bites you!!
You hit the komodo dragon but do no damage.
The komodo dragon bites you!!
The komodo dragon attacks as you move away!
The komodo dragon bites you!!
* * * LOW HITPOINT WARNING * * *
You are confused.
You feel invigorated. The komodo dragon bites you!!
You die...

#..............
#..............
#..............
##..............
#...............
#..............
#..............
#.l.....#
#)Y.....#
#.....).#
#.......#
#.......##
#........#
#.......##
#.......#
#....^..##
#........#


You could see a komodo dragon.

Vanquished Creatures
  Gastronok (Lair:1)
  3 death yaks (D:9)
  Sonja (Lair:1)
  Amaemon (Lair:1)
  A black mamba (Lair:1)
  2 cane toads (Lair:1)
  An orange demon (Lair:1)
  A komodo dragon (Lair:1)
  Psyche (D:9)
  4 blink frogs (Lair:1)
  Eustachio (D:5)
  5 yaks (D:9)
  A steam dragon (D:7)
  A water moccasin (Lair:1)
  6 orc warriors
  A sky beast (D:7)
  An ice beast (D:8)
  A black bear (D:8)
  2 ogres (D:6)
  3 phantoms
  5 kobold brigands
  2 gnoll sergeants
  A necrophage (D:7)
  6 bullfrogs
  2 scorpions
  5 wights (D:7)
  3 killer bees (D:9)
  6 howler monkeys
  5 hounds
  4 boudas
  8 orc priests
  3 iguanas
  18 orc wizards
  24 gnolls
  9 adders
  2 river rats (Sewer)
  A white imp (D:5)
  4 worms
  2 dart slugs
  27 orcs
  8 ball pythons
  13 endoplasms
  2 giant cockroaches
  9 goblins
  7 hobgoblins
  21 kobolds
  2 quokkas
  4 bats
  2 frilled lizards (D:2)
  10 rats
253 creatures vanquished.

Vanquished Creatures (others)
  29 foxfires
  A fungus (Lair:1)
  2 plants (Lair:1)
32 creatures vanquished.

Grand Total: 285 creatures vanquished

Notes
Turn   | Place    | Note
-------+----------+-------------------------------------------
     0 | D:1      | Garessta the Octopode Transmuter began the quest for the
                  | Orb.
     0 | D:1      | Reached XP level 1. HP: 13/13 MP: 3/3
   275 | D:1      | Reached skill level 1 in Poison Magic
   513 | D:1      | Reached XP level 2. HP: 18/18 MP: 3/5
   516 | D:1      | Learned a level 2 spell: Wereblood
   820 | D:1      | Found a faded altar of an unknown god.
   929 | D:1      | Prayed at the altar of an unknown god.
   929 | D:1      | Became a worshipper of Ignis, the Dying Flame
  1237 | D:2      | Reached XP level 3. HP: 23/23 MP: 2/6
  1468 | D:2      | Reached skill level 3 in Transmutations
  2072 | D:3      | Reached XP level 4. HP: 22/28 MP: 3/7
  2109 | D:2      | Learned a level 3 spell: Spider Form
  2259 | D:3      | Reached skill level 1 in Ice Magic
  2499 | D:3      | Reached XP level 5. HP: 30/33 MP: 3/8
  2598 | D:3      | You fall into a shaft and drop 3 floors!
  2643 | D:6      | Reached skill level 4 in Transmutations
  2760 | D:6      | Found a glowing drain.
  2800 | Sewer    | Entered a sewer
  3111 | Sewer    | Reached XP level 6. HP: 31/38 MP: 5/9
  3579 | Sewer    | Reached skill level 5 in Transmutations
  3751 | D:5      | Entered Level 5 of the Dungeon
  3989 | D:5      | Reached XP level 7. HP: 28/43 MP: 10/10
  4461 | D:5      | Learned a level 4 spell: Ice Form
  4549 | D:4      | Found a blossoming altar of Fedhas.
  4551 | D:4      | Found Rithribock's Antique Weapon Shoppe.
  4569 | D:4      | Found a stormy altar of Qazlal.
  4844 | D:4      | Reached skill level 6 in Transmutations
  5017 | D:4      | Found an opulent altar of Gozag.
  5041 | D:4      | Found a radiant altar of Vehumet.
  5660 | D:3      | Found a shimmering altar of Xom.
  5862 | D:5      | Noticed Eustachio
  6175 | D:5      | Reached skill level 5 in Ice Magic
  6185 | D:5      | Reached XP level 8. HP: 48/48 MP: 6/11
  6604 | D:5      | Found a staircase to the Ecumenical Temple.
  6657 | D:5      | Killed Eustachio
  6658 | D:5      | Reached skill level 7 in Transmutations
  6949 | D:5      | Found an iron altar of Okawaru.
  7350 | D:6      | Reached skill level 1 in Stealth
  8217 | D:6      | Reached XP level 9. HP: 48/54 MP: 5/13
  9299 | D:7      | Found a bloodstained altar of Trog.
  9309 | D:7      | Found a shimmering blue altar of Sif Muna.
  9313 | D:7      | Got Sif Muna's Disquisition on the Ghastly Entourage
  9321 | D:7      | Found a snail-covered altar of Cheibriados.
  9602 | D:7      | Found a sparkling altar of Nemelex Xobeh.
 10131 | D:8      | Reached skill level 8 in Transmutations
 10169 | D:8      | Reached XP level 10. HP: 45/63 MP: 15/15
 10370 | D:8      | Identified the +5 hand axe "Hoser" {vamp, rC+ rN+ rCorr
                  | Str-2}
 10405 | D:8      | Reached skill level 5 in Stealth
 10523 | D:8      | Found a broken altar of Ashenzari.
 10792 | D:8      | Found Ydonuz's Weapon Shoppe.
 11095 | D:9      | Found a runed translucent door.
 11116 | D:9      | Found a runed translucent door.
 11140 | D:9      | Found a runed translucent door.
 11214 | D:9      | Identified the +2 falchion of Trial by Ordeal {spect,
                  | Will++ Stlth+}
 11215 | D:9      | Found a runed translucent door.
 11278 | D:9      | Reached skill level 5 in Unarmed Combat
 11665 | D:9      | Found Ynleuladd's Book Emporium.
 11671 | D:9      | Noticed a death yak
 11739 | D:9      | Found a staircase to the Lair.
 11739 | D:9      | Noticed a death yak
 11740 | D:9      | Noticed a death yak
 11756 | D:9      | Killed a death yak
 11761 | D:9      | Killed a death yak
 11771 | D:9      | Killed a death yak
 11772 | D:9      | Reached skill level 5 in Dodging
 11778 | D:9      | Reached XP level 11. HP: 27/70 MP: 14/18
 11782 | D:9      | Reached skill level 5 in Fighting
 11782 | D:9      | Reached skill level 5 in Spellcasting
 12202 | D:9      | Found an ancient bone altar of Kikubaaqudgha.
 12296 | D:9      | Noticed Psyche
 12323 | D:9      | Killed Psyche
 12647 | D:9      | Noticed an orange crystal statue
 12687 | D:9      | Noticed a two-headed ogre
 12949 | Lair:1   | Entered Level 1 of the Lair of Beasts
 13003 | Lair:1   | Noticed Erica
 13044 | Lair:1   | Noticed Gastronok
 13131 | Lair:1   | Reached skill level 9 in Transmutations
 13145 | Lair:1   | Killed Gastronok
 13639 | Lair:1   | Noticed Sonja
 13657 | Lair:1   | Killed Sonja
 13876 | Lair:1   | Noticed Amaemon
 13893 | Lair:1   | Killed Amaemon
 14565 | Lair:1   | Learned a level 2 spell: Passwall
 14597 | Lair:1   | Mangled by a komodo dragon

Illustrated notes

Levels and vault maps discovered:
D:1:      psy_arrival_radial01, layout_loops_cross,
          shapermc_ecumenical_altar_mp_highgroup
D:2:      layout_rooms
D:3:      layout_basic, mainiacjoe_overflow_brackets, serial_curves,
          eino_curves_01, eino_curves_04
D:4:      layout_rooms, grunt_temple_overflow_forces_of_nature,
          grunt_gozag_statues, mainiacjoe_overflow_cross_hatched, serial_shops,
          nicolae_shop_trees, palyth_stone_intersect
D:5:      layout_basic, okawaru_altar_gauntlet_db, minmay_temple_entry_fiery,
          uniq_eustachio
D:6:      layout_basic, portal_sewer_entry_a, st_stairs_3,
          nicolae_figureground_sparkle
D:7:      nicolae_cairo_tiling_very_big, layout_rooms,
          nzn_overflow_gifts_of_might_and_magic,
          mainiacjoe_overflow_six_doors_small, cheibriados_altar_1, nrook_uturn,
          grunt_decor_resistance
D:8:      layout_basic, cheibrodos_ashenzari_chains, serial_shops,
          kennysheep_mini_moat, minmay_fractal_squares_gapless_5
D:9:      layout_loops_ring, lemuel_doored_altar, dpeg_lair_monsters,
          serial_shops, shop, minmay_statue_crystal_thing, uniq_psyche
Lair:1:   layout_big_grid, infiniplex_staircase_pool_2, uniq_amaemon,
          uniq_erica, uniq_gastronok, uniq_sonja

Skill      XL: |  1  2  3  4  5  6  7  8  9 10 11 |
---------------+----------------------------------+-----
Poison Magic   | 1 2 3 |  3.2
Transmutations | 3 4 5 6 7 8 9 |  9.4
Ice Magic      | 1 2 3 5 6 7 8 |  8.6
Stealth        | 2 4 6 8 |  8.4
Fighting       | 2 3 4 5 |  5.9
Dodging        | 4 5 6 |  6.2
Spellcasting   | 3 4 5 |  5.8
Unarmed Combat | 4 5 6 |  6.7

Action                   |  1- 3 |  4- 6 |  7- 9 | 10-12 || total
-------------------------+-------+-------+-------+-------++-------
Melee: Unarmed           |    69 |   133 |   287 |   200 ||   689
       Tentacles         |    13 |    12 |     2 |       ||    27
       Kick              |    24 |    22 |     5 |       ||    51
       Constrict         |    17 |    14 |     4 |       ||    35
       Punch             |     2 |     3 |     1 |       ||     6
       Falchion          |       |       |       |     4 ||     4
 Cast: Beastly Appendage |    24 |    17 |     6 |     2 ||    49
       Wereblood         |    10 |    14 |    18 |     7 ||    49
       Spider Form       |       |     8 |     8 |       ||    16
       Ice Form          |       |       |    26 |    23 ||    49
Invok: Fiery Armour      |       |     1 |     5 |     2 ||     8
       Foxfire Swarm     |       |       |     1 |     1 ||     2
 Abil: End Transformatio |       |       |     1 |       ||     1
Evoke: Wand              |       |       |     1 |    12 ||    13
  Use: Scroll            |       |     8 |     6 |     5 ||    19
       Potion            |       |     1 |     2 |     5 ||     8
 Stab: Sleeping          |     5 |     3 |       |     1 ||     9
       Distracted        |       |       |     1 |     1 ||     2
       Invisible         |       |       |       |     4 ||     4
Armor: Skin              |     5 |    15 |    91 |    54 ||   165
Dodge: Dodged            |    45 |    72 |   181 |   123 ||   421

Table legend: (Time is in decaauts)
 A = Elapsed time spent in this place.
 B = Non-inter-level travel time spent in this place.
 C = Inter-level travel time spent in this place.
 D = Time resting spent in this place.
 E = Time spent auto-exploring this place.
 F = Levels seen in this place.
 G = Mean time per level.
                   A        B        C        D        E       F      G
               +--------+--------+--------+--------+--------+-----+--------+
         Total |  14550 |  14161 |    389 |   3399 |   8014 |  11 | 1322.7 |
       Dungeon |  11972 |  11583 |    389 |   2137 |   7278 |   9 | 1330.2 |
          Lair |   1638 |   1638 |      0 |    966 |    304 |   1 | 1638.0 |
         Sewer |    939 |    939 |      0 |    296 |    432 |   1 |  939.0 |
               +--------+--------+--------+--------+--------+-----+--------+

Top non-repeatable levels by time:
     D:5: 2377 daAuts
     D:9: 1734 daAuts
  Lair:1: 1638 daAuts
     D:6: 1576 daAuts
     D:8: 1429 daAuts
     D:1: 1193 daAuts
     D:3: 1099 daAuts
   Sewer: 939 daAuts
     D:7: 935 daAuts
     D:4: 859 daAuts
     D:2: 766 daAuts
